 Dungeon Crawl Stone Soup version 0.27-a0-1182-gee19b5822f (webtiles) character file.

Game seed: 8632650999933529679

4799 Feb132020 the Digger (level 10, -1/56 HPs)
             Began as a Gargoyle Earth Elementalist on May 18, 2021.
             Was an Elder of Elyvilon.
             Slain by a wolf (4 damage)
             ... on level 1 of the Lair of Beasts.
             The game lasted 00:56:35 (11955 turns).

Feb132020 the Digger (Gargoyle Earth Elementalist) Turns: 11955, Time: 00:56:35

Health: -1/56      AC:  4    Str: 13    XL:     10   Next: 48%
Magic:  16/17      EV: 13    Int: 18    God:    Elyvilon [****..]
Gold:   54         SH:  5    Dex: 18    Spells: 12/19 levels left

rFire    . . .     SeeInvis .   t - +2 flail (vorpal)
rCold    + . .     Faith    .   (no shield)
rNeg     + + .     Spirit   .   c - +0 robe
rPois    ∞         Reflect  +   (no helmet)
rElec    +         Harm     .   h - +0 cloak
rCorr    .         Rampage  +   B - +0 pair of gloves
Will     .....                  D - +0 pair of boots
Stlth    +++.......             x - amulet of Ypneurr {Reflect Rampage rElec Dex+2 SH+5}
HPRegen  0.18/turn              l - +6 ring of dexterity
MPRegen  0.15/turn              C - ring of Xaammeus {Fly rN+}

@: divinely protected, corroded, flying
A: sickness immunity, AC +7, negative energy resistance 1, electricity
resistance, torment resistance 1, petrification resistance, cold resistance 1
a: Renounce Religion, Lesser Healing, Heal Other, Purification, Greater Healing,
Divine Protection


You were on level 1 of the Lair of Beasts.
You worshipped Elyvilon.
Elyvilon was greatly pleased with you.
You visited 3 branches of the dungeon, and saw 11 of its levels.

You collected 349 gold pieces.
You spent 295 gold pieces at shops.

Inventory:

Hand Weapons
 f - a +0 club
 k - a +0 flail
 t - a +2 vorpal flail (weapon)
Missiles
 b - 154 stones
 i - 2 throwing nets
 K - a curare-tipped dart
Armour
 c - a +0 robe (worn)
 h - a +0 cloak (worn)
 B - a +0 pair of gloves (worn)
 D - a +0 pair of boots (worn)
Jewellery
 d - a ring of positive energy
 e - a ring of fire
 l - a +6 ring of dexterity (left hand)
 x - the amulet of Ypneurr (around neck) {Reflect Rampage rElec Dex+2 SH+5}
   (You bought it in a shop on level 8 of the Dungeon)

   [amulet of reflection]

   It reflects blocked missile attacks.
   It affects your dexterity (+2).
   It insulates you from electricity.
   It affects your SH (+5).
   It bestows one free step when moving towards enemies.
 y - an amulet of regeneration
 C - the ring of Xaammeus (right hand) {Fly rN+}
   (You took it off a gnoll sergeant on level 5 of the Dungeon)

   [ring of flight]

   It protects you from negative energy.
   It grants you flight.
Wands
 A - a wand of paralysis (7)
 G - a wand of flame (37)
 H - a wand of iceblast (5)
 I - a wand of digging (3)
Scrolls
 g - 2 scrolls of identify
 j - 4 scrolls of teleportation
 m - 2 scrolls of amnesia
 r - 2 scrolls of enchant armour
 s - a scroll of holy word
 w - 3 scrolls of magic mapping
 F - a scroll of blinking
Potions
 a - 3 potions of might
 n - a potion of cancellation
 o - a potion of mutation
 p - a potion of ambrosia {unknown}
 q - a potion of flight {unknown}
 u - 2 potions of curing
 v - a potion of magic {unknown}
 z - a potion of brilliance {unknown}
 E - 2 potions of heal wounds
 J - a potion of lignification {unknown}
 L - 3 potions of resistance
 M - a potion of degeneration {unknown}


   Skills:
 + Level 3.6 Fighting
 + Level 5.9 Maces & Flails
 + Level 3.5 Dodging
 + Level 4.6 Stealth
 + Level 1.3 Shields
 + Level 5.1 Spellcasting
 * Level 6.0 Conjurations
 + Level 0.9 Transmutations
 * Level 4.5 Fire Magic
 + Level 7.5 Earth Magic
 * Level 6.3 Invocations


You had 12 spell levels left.
You knew the following spells:

 Your Spells              Type           Power      Damage    Failure   Level
a - Sandblast             Erth           62%        2d14      1%          1
b - Stone Arrow           Conj/Erth      58%        3d10      2%          3
c - Foxfire               Conj/Fire      92%        2x1d8     1%          1
p - Passwall              Tmut/Erth      15%        N/A       3%          2

Your spell library contained the following spells:

 Spells                   Type           Power      Damage    Failure   Level
 Shock                    Conj/Air       60%        1d6       3%          1
 Conjure Flame            Conj/Fire      23%        6-21      4%          3
 Static Discharge         Conj/Air       15%        N/A       6%          2
 Animate Skeleton         Necr           8%         N/A       13%         1
 Apportation              Tloc           8%         N/A       13%         1
 Corona                   Hex            4%         N/A       13%         1
 Summon Small Mammal      Summ           16%        N/A       13%         1
 Sticky Flame             Conj/Fire      23%        2d4       14%         4
 Inner Flame              Hex/Fire       12%        N/A       16%         3
 Lee's Rapid Deconstruct  Erth           15%        3d11*     17%         5
 Petrify                  Tmut/Erth      19%        N/A       22%         4
 Swiftness                Air            4%         N/A       36%         3
 Fireball                 Conj/Fire      11%        3d7       38%         5
 Lightning Bolt           Conj/Air       7%         1d20      71%         5
 Airstrike                Air            2%         N/A       78%         4


Dungeon Overview and Level Annotations

Branches:
Dungeon (9/15)             Temple (1/1) D:4            Lair (1/6) D:9
    Orc: D:9-12

Altars:
Ashenzari
Cheibriados
Dithmenos
Elyvilon
Gozag
Hepliaklqana
Makhleb
Nemelex Xobeh
Okawaru
Qazlal
Ru
Sif Muna
Trog
Uskayaw
Vehumet
Wu Jian
Xom
Yredelemnul
Zin
The Shining One

Shops:
D:7 =   D:8 [*(**

Annotations:
D:5 exclusion: two-headed ogre
D:7 exclusion: statue
D:9 exclusion: cyclops


Innate Abilities, Weirdness & Mutations

You are immune to sickness and miasma.
Your stone body is resilient. (AC +7)
You are immune to poison.
You resist negative energy. (rN+)
You are resistant to electric shocks. (rElec)
You are resistant to unholy torment.
You are immune to petrification.
Your flesh is cold resistant. (rC+)


Message History

The acid dragon spits acid at you. The splash of acid hits you!
You are splashed with acid!
The kobold demonologist miscasts a cantrip.
You hear a shout! x2
There is a staircase to the Lair here.
The acid dragon spits acid at you. The splash of acid hits you!
The acid corrodes you!
You are splashed with acid!
* * * LOW HITPOINT WARNING * * *
The kobold demonologist looks encouraged for a moment.
You fly downwards.
Welcome to the Lair of Beasts!
A wolf and a cane toad come into view.
The cane toad gives a loud, deep croak!
Found a glowing bronze wand.
There is a staircase back to the Dungeon here.
Found a wand of iceblast (9).
A bullfrog comes into view.
Found a stone staircase leading down. 2 wolves come into view.
The wolf howls!
You hear a loud, deep croak!
A wolf comes into view. x2
The wolf moves out of view.
A wolf comes into view.
A bullfrog comes into view.
The wolf moves out of view.
A komodo dragon comes into view.
The wolf howls!
Found a stone staircase leading down.
The wolf howls!
You hear an angry hiss.
The bullfrog croaks.
The teleport trap disappears.
The wolf disappears!
The wolf bites you but does no damage.
There is a stone staircase leading down here.
You beseech Elyvilon to protect your life.
You block the wolf's attack. The wolf bites you.
* * * LOW HITPOINT WARNING * * *
The wolf bites you!
You can no longer call upon Elyvilon for divine vigour.
Elyvilon protects you from harm! The wolf bites you.
* * * LOW HITPOINT WARNING * * *
The wolf bites you.
You die...

#.............##........
#..⌠..>..⌠..##.........
#....l...F.#........./
#...⌠..F.#####.##....
##.....### ### ...F
##...#.# .... ##.hF###
##.hhh.# #.⌠.@F⌠#
##.....# #..⌠.## ######


You could see a komodo dragon, a cane toad, 4 wolves and 2 bullfrogs.

Vanquished Creatures
  An ugly thing (D:9)
  A wyvern (D:9)
  Eustachio (D:6)
  3 water moccasins
  2 ice beasts
  An orc warrior (D:9)
  A sky beast (D:7)
  3 black bears
  2 ogres
  A necrophage (D:8)
  2 centaurs
  A phantom (D:5)
  4 kobold brigands
  Blork the orc (D:5)
  2 bullfrogs
  2 gnoll sergeants
  3 scorpions
  A wyvern zombie (D:7)
  14 killer bees
  4 wights (D:7)
  2 electric eels (D:8)
  2 howler monkeys
  4 centaur zombies
  A gnoll shaman (D:1)
  2 jellies
  2 orc priests
  A hound (D:5)
  A bullfrog skeleton (D:4)
  2 iguanas (D:6)
  An orc wizard (D:7)
  A killer bee zombie (D:7)
  A hound skeleton (D:4)
  A howler monkey zombie (D:5)
  19 gnolls
  A howler monkey skeleton (D:7)
  8 adders
  2 white imps
  An ufetubus (D:5)
  A worm (D:4)
  4 dart slugs
  35 orcs
  3 bats
  7 endoplasms
  3 giant cockroaches
  9 goblins
  4 hobgoblins
  4 jackals (D:2)
  28 kobolds
  3 quokkas
  13 ball pythons
  2 frilled lizards
  8 rats
226 creatures vanquished.

Vanquished Creatures (others)
  An orc wizard (D:7)
  2 foxfires (D:5)
3 creatures vanquished.

Grand Total: 229 creatures vanquished

Notes
Turn   | Place    | Note
-------+----------+-------------------------------------------
     0 | D:1      | Feb132020 the Gargoyle Earth Elementalist began the quest
                  | for the Orb.
     0 | D:1      | Reached XP level 1. HP: 10/10 MP: 3/3
   198 | D:1      | Reached skill level 4 in Earth Magic
   290 | D:1      | Reached XP level 2. HP: 15/15 MP: 3/5
   293 | D:1      | Learned a level 2 spell: Passwall
   922 | D:1      | Reached XP level 3. HP: 19/19 MP: 6/6
  1081 | D:1      | Found a faded altar of an unknown god.
  1089 | D:1      | Became a worshipper of Elyvilon the Healer
  1089 | D:1      | Reached * piety under Elyvilon
  1397 | D:2      | Learned a level 3 spell: Stone Arrow
  2266 | D:2      | Reached skill level 1 in Maces & Flails
  2474 | D:1      | Reached XP level 4. HP: 10/24 MP: 3/7
  2750 | D:3      | Reached skill level 1 in Conjurations
  2919 | D:3      | Reached ** piety under Elyvilon
  3331 | D:3      | Reached XP level 5. HP: 21/28 MP: 5/8
  3333 | D:3      | Reached skill level 1 in Invocations
  4302 | D:4      | Reached skill level 1 in Fighting
  4339 | D:4      | Reached XP level 6. HP: 23/34 MP: 9/9
  5299 | D:4      | Reached *** piety under Elyvilon
  5481 | D:4      | Found a staircase to the Ecumenical Temple.
  5498 | D:4      | Reached XP level 7. HP: 38/38 MP: 3/11
  5502 | Temple   | Entered the Ecumenical Temple
  6516 | D:5      | Entered Level 5 of the Dungeon
  6532 | D:5      | Noticed Blork the orc
  6539 | D:5      | Killed Blork the orc
  6569 | D:5      | Noticed a two-headed ogre
  6676 | D:5      | Found a glowing silver altar of Zin.
  6723 | D:6      | Noticed Eustachio
  6744 | D:6      | Killed Eustachio
  6745 | D:6      | Reached skill level 5 in Earth Magic
  6894 | D:6      | Reached XP level 8. HP: 44/44 MP: 6/12
  6939 | D:6      | Learned a level 1 spell: Foxfire
  6989 | D:6      | Reached skill level 1 in Fire Magic
  7397 | D:5      | Found a broken altar of Ashenzari.
  7540 | D:5      | Reached skill level 6 in Earth Magic
  7655 | D:5      | Identified the ring of Xaammeus {Fly rN+}
  7766 | D:5      | Reached XP level 9. HP: 49/49 MP: 11/15
  7896 | D:5      | Found a stormy altar of Qazlal.
  8197 | D:6      | Found a shimmering altar of Xom.
  8370 | D:6      | Reached **** piety under Elyvilon
  8690 | D:7      | Reached skill level 5 in Maces & Flails
  8690 | D:7      | Reached skill level 5 in Invocations
  8860 | D:7      | Found Jestrawan's Jewellery Boutique.
  9039 | D:7      | Found a radiant altar of Vehumet.
  9178 | D:7      | Reached skill level 5 in Conjurations
  9806 | D:8      | Found Cywuz's Assorted Antiques.
  9848 | D:8      | Bought a vibrating iron amulet for 145 gold pieces
  9848 | D:8      | Identified the amulet of Ypneurr {Reflect Rampage rElec
                  | Dex+2 SH+5} (You bought it in a shop on level 8 of the
                  | Dungeon)
  9873 | D:8      | Reached XP level 10. HP: 38/56 MP: 17/17
  9987 | D:8      | Found Qizegusi's Weapon Boutique.
  9999 | D:8      | Reached skill level 7 in Earth Magic
 10073 | D:8      | Found Anko's Assorted Antiques.
 10113 | D:8      | Reached skill level 5 in Spellcasting
 10322 | D:8      | Found Puto's Armour Shop.
 10347 | D:8      | Bought a +0 pair of boots for 54 gold pieces
 10514 | D:8      | Found Vedezxyh's General Store.
 10520 | D:8      | Bought a potion of mutation for 96 gold pieces
 10520 | D:8      | Gained mutation: Your flesh is cold resistant. (rC+)
                  | [potion of mutation]
 10866 | D:9      | Reached skill level 1 in Shields
 11523 | D:9      | Noticed an eight-headed hydra
 11523 | D:9      | Noticed a manticore
 11523 | D:9      | Noticed a cyclops
 11678 | D:9      | Reached ***** piety under Elyvilon
 11763 | D:9      | Noticed a purple ugly thing
 11787 | D:9      | Killed a purple ugly thing
 11926 | D:9      | Found a staircase to the Lair.
 11930 | D:9      | Noticed a kobold demonologist
 11942 | Lair:1   | Entered Level 1 of the Lair of Beasts
 11942 | Lair:1   | Noticed a cane toad
 11955 | Lair:1   | Elyvilon protects you from harm!
 11955 | Lair:1   | Slain by a wolf

Illustrated notes

Levels and vault maps discovered:
D:1:      dpeg_arrival_signposts, layout_basic, basic_ecumenical_altar
D:2:      layout_basic
D:3:      layout_basic
D:4:      layout_layer_cave, minmay_temple_entry_glassed_door
D:5:      layout_basic, nicolae_ashenzari_skybound,
          nicolae_overflow_hidden_temple, marbit_many_paths, uniq_blork_the_orc
D:6:      layout_loops_ring, kennysheep_little_box, minivault_25,
          grunt_decor_one_mirror, minmay_misc_feat_x, st_stairs_7,
          uniq_eustachio
D:7:      layout_basic, vehumet_statue, serial_shops, shop
D:8:      layout_rooms, serial_shops, nicolae_shop_waterfront,
          nicolae_shop_waterfront, nicolae_shop_behind_doors, shop, shop
D:9:      minmay_the_grid_triangle_9x9_recursive_2
          [minmay_the_grid_triangle_9x9_prize_insulated,
          minmay_the_grid_triangle_9x9_empty,
          minmay_the_grid_triangle_9x9_pentomino_pain,
          minmay_the_grid_triangle_9x9_impossible_snake], layout_gridville
Temple:   regret_index_temple_generic_petals
Lair:1:   lemuel_reptile_caves, layout_hall_layers,
          chequers_serial_rivers_micro_d, grunt_megastairs_3

Skill      XL: |  1  2  3  4  5  6  7  8  9 10 |
---------------+-------------------------------+-----
Earth Magic    | 4 5 6 7 |  7.5
Dodging        | 2 3 |  3.5
Maces & Flails | 1 2 3 4 5 |  5.9
Conjurations   | 1 2 3 4 5 6 |  6.0
Invocations    | 1 2 3 4 5 6 |  6.3
Stealth        | 3 4 |  4.6
Fighting       | 1 2 3 |  3.6
Spellcasting   | 3 4 5 |  5.1
Fire Magic     | 2 4 |  4.5
Shields        | 1 |  1.3
Transmutations | |  0.9

Action                   |  1- 3 |  4- 6 |  7- 9 | 10-12 || total
-------------------------+-------+-------+-------+-------++-------
Melee: Club              |    76 |       |       |       ||    76
       Unarmed           |     1 |       |       |       ||     1
       Flail             |    43 |   155 |   276 |   136 ||   610
 Cast: Sandblast         |    15 |    29 |    85 |    26 ||   155
       Stone Arrow       |       |     1 |     9 |    11 ||    21
       Passwall          |       |       |     1 |       ||     1
       Foxfire           |       |       |     1 |       ||     1
Invok: Heal Other        |       |       |     1 |       ||     1
       Divine Protection |       |       |       |     1 ||     1
  Use: Scroll            |       |     2 |    12 |     3 ||    17
       Potion            |       |       |     1 |     1 ||     2
 Stab: Sleeping          |     5 |     8 |     9 |     2 ||    24
Armor: Robe              |    50 |    58 |   133 |    61 ||   302
Dodge: Dodged            |    81 |   110 |   221 |   118 ||   530
Block: Other             |       |       |     1 |    44 ||    45
       Reflection        |       |       |       |     2 ||     2

Table legend: (Time is in decaauts)
 A = Elapsed time spent in this place.
 B = Non-inter-level travel time spent in this place.
 C = Inter-level travel time spent in this place.
 D = Time resting spent in this place.
 E = Time spent auto-exploring this place.
 F = Levels seen in this place.
 G = Mean time per level.
                   A        B        C        D        E       F      G
               +--------+--------+--------+--------+--------+-----+--------+
         Total |  12109 |  11686 |    423 |    348 |   9235 |  11 | 1100.8 |
       Dungeon |  11801 |  11410 |    391 |    348 |   8972 |   9 | 1311.2 |
        Temple |    294 |    263 |     31 |      0 |    263 |   1 |  294.0 |
          Lair |     12 |     12 |      0 |      0 |      0 |   1 |   12.0 |
               +--------+--------+--------+--------+--------+-----+--------+

Top non-repeatable levels by time:
     D:4: 1973 daAuts
     D:3: 1583 daAuts
     D:1: 1494 daAuts
     D:2: 1270 daAuts
     D:7: 1220 daAuts
     D:9: 1136 daAuts
     D:6: 1126 daAuts
     D:8: 1020 daAuts
     D:5: 976 daAuts
  Temple: 294 daAuts
  Lair:1: 12 daAuts
